 Dungeon Crawl Stone Soup version 0.21.1-1-g345015fe64 (webtiles) character file.

95 Holzbalken the Cudgeler (level 4, -2/42 HPs)
             Began as a Gargoyle Monk on July 16, 2018.
             Slain by Sigmund
             ... wielding a +0 scythe
              (7 damage)
             ... on level 2 of the Dungeon.
             The game lasted 00:08:45 (1425 turns).

Holzbalken the Cudgeler (Gargoyle Monk)             Turns: 1425, Time: 00:08:45

Health: -2/42      AC:  9    Str: 19 (21) XL:     4   Next: 65%
Magic:  4/4        EV: 11    Int:  9 (10) God:
Gold:   54         SH:  0    Dex: 11 (12) Spells: 3/3 levels left

rFire    . . .     SeeInvis .   a - +0 mace
rCold    . . .     Gourm    .   (no shield)
rNeg     + . .     Faith    .   o - +0 ring mail
rPois    ∞         Spirit   .   (no helmet)
rElec    +         Reflect  .   (no cloak)
rCorr    .         Harm     .   (no gloves)
MR       .....                  f - +0 pair of boots
Stlth    ..........             (no amulet)
HPRegen  0.14/turn              (no ring)
MPRegen  0.09/turn              (no ring)

@: berserking, very quick
A: negative energy resistance 1, electricity resistance, unbreathing,
petrification resistance, rot immunity, AC +3
a: no special abilities


You were on level 2 of the Dungeon.
You were not hungry.

You visited 1 branch of the dungeon, and saw 2 of its levels.

You collected 54 gold pieces.

Inventory:

Hand Weapons
 a - a +0 mace (weapon)
Armour
 b - a +0 robe
 f - a +0 pair of boots (worn)
 o - a +0 ring mail (worn)
Jewellery
 j - an uncursed amulet of magic regeneration {unknown}
 u - an uncursed ring of resist corrosion {unknown}
Scrolls
 d - a scroll of enchant weapon {unknown}
 g - 2 scrolls of random uselessness {unknown}
 k - a scroll of teleportation {unknown}
 n - a scroll of identify {unknown}
 p - a scroll of enchant armour {unknown}
 q - a scroll of remove curse {unknown}
 r - a scroll of fog {unknown}
 t - a scroll of fear {unknown}
Potions
 e - 2 potions of degeneration
 i - 2 potions of cancellation {unknown}
 l - a potion of resistance {unknown}
 s - a potion of might {unknown}
Comestibles
 c - 3 rations
 m - 6 chunks of flesh


   Skills:
 - Level 3.2 Fighting
 + Level 5.2 Maces & Flails
 - Level 2.4 Dodging
 - Level 2.1 Stealth


You had 3 spell levels left.
You didn't know any spells.

Dungeon Overview and Level Annotations

Branches:
Dungeon (2/15)

Altars:
Elyvilon
Trog

Annotations:
D:2 Sigmund


Innate Abilities, Weirdness & Mutations

You are resistant to torment.
Your stone body is resilient. (AC +3)
You are immune to poison.
You resist negative energy. (rN+)
You are resistant to electric shocks. (rElec)
You can survive without breathing.
You are immune to petrification.
You are immune to rotting.


Message History

Sigmund is heavily wounded.
Sigmund mumbles some strange words.
Sigmund flickers and vanishes!
Deactivating autopickup; reactivate with Ctrl-A.
It was a potion of degeneration.
There was something very wrong with that liquid.
You feel weakened.
You feel dopey.
You feel clumsy.
You hear some strange, mumbled words.
Something tries to affect you, but you resist.
It was a potion of berserk rage.
A red film seems to cover your vision as you go berserk!
You feel yourself moving faster!
You feel mighty! Something hits you but does no damage.
You are too berserk!
You sock something! You miss something. Something hits you.
* * * LOW HITPOINT WARNING * * *
You miss something. You barely miss something. Something hits you!
You die...

##### #...# #### #...#
#############..####...#
................@{....#
######..######.####...#
.......## #.# ##...#
..._.### #.# #.@..#
.....## #.###.####
..#...# #.##..#
#...#..# #.##.######
..#.##..## #.##.##...#
#.#.#
#..#####.##.##...#


There were no monsters in sight!

Vanquished Creatures
  Jessica (D:2)
  3 adders (D:2)
  A leopard gecko (D:1)
  2 bats (D:2)
  5 giant cockroaches
  3 hobgoblins (D:1)
  8 jackals
  A kobold (D:2)
  3 quokkas (D:2)
  A frilled lizard (D:1)
  4 goblins
  5 rats
37 creatures vanquished.

Notes
Turn   | Place    | Note
-------+----------+-------------------------------------------
     0 | D:1      | Holzbalken the Gargoyle Monk began the quest for the Orb.
     0 | D:1      | Reached XP level 1. HP: 14/14 MP: 1/1
   230 | D:1      | Reached XP level 2. HP: 14/19 MP: 2/2
   812 | D:2      | Reached skill level 4 in Maces & Flails
   867 | D:2      | Noticed Sigmund
   964 | D:2      | Reached XP level 3. HP: 18/23 MP: 3/3
  1128 | D:2      | Found a white marble altar of Elyvilon.
  1139 | D:2      | Noticed Jessica
  1168 | D:2      | Killed Jessica
  1168 | D:2      | Reached XP level 4. HP: 27/28 MP: 4/4
  1282 | D:2      | Reached skill level 5 in Maces & Flails
  1312 | D:2      | Found a bloodstained altar of Trog.
  1425 | D:2      | Slain by Sigmund

Skill      XL: |  1  2  3  4 |
---------------+-------------+-----
Maces & Flails | 4 5 |  5.2
Fighting       | |  3.2
Dodging        | |  2.4
Stealth        | |  2.1

Action                   |  1- 3 |  4- 6 || total
-------------------------+-------+-------++-------
Melee: Mace              |   101 |    47 ||   148
  Use: Potion            |       |     2 ||     2
 Stab: Sleeping          |     1 |       ||     1
  Eat: Chunk             |     1 |     1 ||     2
Armor: Robe              |    32 |       ||    32
       Ring mail         |     9 |    22 ||    31
Dodge: Dodged            |    74 |    32 ||   106
